 Dungeon Crawl Stone Soup version 0.26.0-10-g1f06aea511 (webtiles) character file.

Game seed: 16782704797381450246

655 zero the Chopper (level 7, -2/41 HPs)
             Began as a Gargoyle Berserker on Jan 14, 2021.
             Was a Believer of Trog.
             Splashed by an orc's acid (14 damage)
             ... on level 5 of the Dungeon.
             The game lasted 00:03:44 (5127 turns).

zero the Chopper (Gargoyle Berserker)               Turns: 5127, Time: 00:03:44

Health: -2/41      AC: 15    Str: 23    XL:     7   Next: 54%
Magic:  7/7        EV:  8    Int:  7    God:    Trog [**....]
Gold:   300        SH:  0    Dex:  9    Spells: 6/6 levels left

rFire    . . .     SeeInvis .   o - +0 war axe
rCold    . . .     Faith    .   (no shield)
rNeg     + . .     Spirit   .   j - +0 chain mail
rPois    ∞         Reflect  .   d - +0 helmet (curse)
rElec    +         Harm     .   r - +0 cloak
rCorr    .         Rampage  .   (no gloves)
Will     ++...                  (no boots)
Stlth    ..........             (no amulet)
HPRegen  1.13/turn              (no ring)
MPRegen  0.10/turn              (no ring)

@: regenerating
A: negative energy resistance 1, electricity resistance, unbreathing,
petrification resistance, miasma immunity, AC +4
a: Renounce Religion, Berserk, Trog's Hand


You were on level 5 of the Dungeon.
You worshipped Trog.
Trog was pleased with you.
You visited 1 branch of the dungeon, and saw 5 of its levels.

You collected 300 gold pieces.

Inventory:

Hand Weapons
 o - a +0 war axe (weapon)
Missiles
 l - 21 poisoned darts (quivered)
Armour
 d - a cursed +0 helmet (worn)
 j - a +0 chain mail (worn)
 r - a +0 cloak (worn)
Jewellery
 q - a +4 ring of protection {unknown}
Wands
 p - a wand of disintegration (13)
 u - a wand of paralysis (2)
Scrolls
 a - 2 scrolls of identify
 b - 2 scrolls of magic mapping {unknown}
 f - a scroll of enchant armour {unknown}
 h - 2 scrolls of remove curse
 i - 3 scrolls of teleportation {unknown}
 m - 2 scrolls of amnesia {unknown}
 s - a scroll of fog {unknown}
 t - a scroll of blinking {unknown}
 v - a scroll of enchant weapon {unknown}
Potions
 c - 2 potions of ambrosia
 e - 3 potions of curing
 g - 3 potions of flight
 k - 2 potions of might {unknown}
 n - a potion of attraction {unknown}


   Skills:
 - Level 3.2 Fighting
 + Level 7.8 Axes
 - Level 2.1 Armour
 - Level 1.5 Dodging


You had 6 spell levels left.
You didn't know any spells.
Your spell library was empty.

Dungeon Overview and Level Annotations

Branches:
Dungeon (5/15)             Temple (0/1) D:4

Altars:
Hepliaklqana
Kikubaaqudgha
Makhleb
Sif Muna
Vehumet
Xom
Zin


Innate Abilities, Weirdness & Mutations

You are resistant to torment.
Your stone body is resilient. (AC +4)
You are immune to poison.
You resist negative energy. (rN+)
You are resistant to electric shocks. (rElec)
You can survive without breathing.
You are immune to petrification.
You are immune to miasma.


Message History

The orc shouts!
The orc throws a poisoned dart.
The poisoned dart hits you!
You see here a poisoned dart.
The orc zaps a wand.
The bolt of acid hits you!
You are splashed with acid!
An orc is nearby!
You are too injured to fight recklessly!
You are too injured to fight recklessly!
An orc is nearby!
You are too injured to fight recklessly!
You are too injured to fight recklessly!
An orc is nearby!
You are too injured to fight recklessly!
An orc is nearby!
You are too injured to fight recklessly!
Your skin crawls.
You feel strong-willed.
The orc zaps a wand.
The bolt of acid hits you!
* * * LOW HITPOINT WARNING * * *
You are splashed with acid!
You die...

#.. #.# ..# # #o# #.
#.##########
.###.###..........#
..........#######.######
#......#..#######.......
#.....@(..........###.#
##.#####..##.###..# #.#
#..(.......# #.#
#.#######..# #.. #.#
#..##### #.# #...####
#.# #.[..... #.#
#....... #.# #.....##


You could see an orc.

Vanquished Creatures
  Menkaure (D:4)
  A black bear (D:3)
  A scorpion (D:4)
  A centaur zombie (D:5)
  3 orc priests
  A hound (D:5)
  Crazy Yiuf (D:4)
  Ijyb (D:5)
  A worker ant (D:5)
  An orc wizard (D:4)
  5 adders
  4 gnolls (D:5)
  A white imp (D:5)
  2 worms
  2 dart slugs
  2 leopard geckos
  12 orcs
  3 ball pythons
  12 bats
  5 giant cockroaches
  5 goblins
  7 hobgoblins
  7 jackals
  8 kobolds
  3 quokkas
  4 frilled lizards
  6 rats
100 creatures vanquished.

Vanquished Creatures (others)
  2 plants (D:4)
2 creatures vanquished.

Grand Total: 102 creatures vanquished

Notes
Turn   | Place    | Note
-------+----------+-------------------------------------------
     0 | D:1      | zero the Gargoyle Berserker began the quest for the Orb.
     0 | D:1      | Reached XP level 1. HP: 14/14 MP: 1/1
    85 | D:1      | Reached skill level 3 in Axes
   453 | D:1      | Reached XP level 2. HP: 19/19 MP: 2/2
  1434 | D:2      | Reached XP level 3. HP: 23/23 MP: 3/3
  1439 | D:2      | Reached * piety under Trog
  1531 | D:2      | Reached skill level 4 in Axes
  1652 | D:2      | Reached XP level 4. HP: 26/28 MP: 4/4
  2232 | D:2      | Found a glowing silver altar of Zin.
  2645 | D:3      | Noticed a black bear
  2685 | D:3      | Killed a black bear
  2685 | D:3      | Reached ** piety under Trog
  2686 | D:3      | Reached skill level 5 in Axes
  2686 | D:3      | Reached XP level 5. HP: 32/32 MP: 5/5
  2871 | D:3      | Found a burning altar of Makhleb.
  2979 | D:3      | Found a radiant altar of Vehumet.
  3341 | D:4      | Found a staircase to the Ecumenical Temple.
  3341 | D:4      | Noticed Menkaure
  3352 | D:4      | Reached XP level 6. HP: 26/37 MP: 6/6
  3353 | D:4      | Killed Menkaure
  3354 | D:4      | Reached skill level 6 in Axes
  3568 | D:4      | Found a hazy altar of Hepliaklqana.
  3699 | D:4      | Found a runed translucent door.
  3700 | D:4      | Noticed Crazy Yiuf
  3803 | D:4      | Found an ancient bone altar of Kikubaaqudgha.
  4210 | D:4      | Killed Crazy Yiuf
  4211 | D:4      | Reached skill level 7 in Axes
  4211 | D:4      | Reached XP level 7. HP: 41/41 MP: 7/7
  4278 | D:5      | Entered Level 5 of the Dungeon
  4383 | D:5      | Found a shimmering blue altar of Sif Muna.
  4683 | D:5      | Found a shimmering altar of Xom.
  4684 | D:5      | Found a shimmering altar of Xom.
  4684 | D:5      | Found a shimmering altar of Xom.
  4684 | D:5      | Found a shimmering altar of Xom.
  4686 | D:5      | Found a shimmering altar of Xom.
  4927 | D:5      | Noticed Ijyb
  4927 | D:5      | Paralysed by Ijyb for 7 turns
  4944 | D:5      | Killed Ijyb
  5127 | D:5      | Splashed by an orc's acid

Illustrated notes

Levels and vault maps discovered:
D:1:      dpeg_arrival_long_road, layout_basic, minmay_hexomino_p4
D:2:      layout_basic, general_overflow_altar
D:3:      layout_loops_ring, bloody_makhleb, nicolae_overflow_crystal_walls
D:4:      layout_loops_ring, kennysheep_little_box, kennysheep_mini_moat,
          minmay_temple_entry_gardened_gates, kennysheep_small_square,
          uniq_menkaure, uniq_crazy_yiuf_cottage
D:5:      layout_loops_ring, lemuel_doored_altar, xom_redecorated,
          nicolae_overflow_hidden_temple, uniq_ijyb

Skill      XL: |  1  2  3  4  5  6 |
---------------+-------------------+-----
Axes           | 3 4 5 7 |  7.8
Fighting       | |  3.2
Armour         | |  2.1
Dodging        | |  1.5

Action                   |  1- 3 |  4- 6 |  7- 9 || total
-------------------------+-------+-------+-------++-------
Melee: Hand axe          |   155 |   150 |       ||   305
       War axe           |       |    13 |    58 ||    71
Invok: Berserk           |     1 |     3 |     2 ||     6
       Trog's Hand       |       |       |     2 ||     2
  Use: Scroll            |     2 |     3 |       ||     5
Armor: Animal skin       |    30 |       |       ||    30
       Chain mail        |    59 |   110 |    48 ||   217
Dodge: Dodged            |   123 |    62 |    24 ||   209
